 Dungeon Crawl Stone Soup version 0.30-a0-1016-gfb0d676c02 (webtiles) character file.

Game seed: 6469146078087081192

2579 DeathPants the Insei (level 9, -2/69 HPs)
             Began as a Demonspawn Transmuter on Apr 6, 2023.
             Was an Initiate of Gozag.
             Slain by an orc
             ... wielding a +0 war axe
              (7 damage)
             ... on level 7 of the Dungeon.
             The game lasted 00:23:55 (6846 turns).

DeathPants the Insei (Demonspawn Transmuter)        Turns: 6846, Time: 00:23:56

Health: -2/69      AC:  8    Str: 14    XL:     9   Next: 32%
Magic:  26/26      EV: 19    Int: 15    God:    Gozag
Gold:   394        SH:  4    Dex: 14    Spells: 15/18 levels left

rFire   . . .      SeeInvis .      - Unarmed
rCold   . . .      Faith    .    (no shield)
rNeg    . . .      Spirit   .    a - +0 robe
rPois   +          Reflect  .    o - +0 helmet
rElec   .          Rampage  .    u - +0 cloak
rCorr   .                        (no gloves)
Will    .....                    (no boots)
Stlth   +                        (no amulet)
HPRegen 0.31/turn                j - +5 ring of evasion
MPRegen 0.20/turn                b - ring of magical power

@: no status effects
A: hooves 1, slimy green scales 3, condensation shield
a: Renounce Religion, Potion Petition, Call Merchant, Bribe Branch


You were on level 7 of the Dungeon.
You worshipped Gozag.
Gozag was aware of your devotion.
You visited 2 branches of the dungeon, and saw 9 of its levels.

You collected 508 gold pieces.
You paid 114 gold pieces to Gozag.

Inventory:

Missiles
 f - 6 boomerangs
 m - 8 poisoned darts
 r - 7 curare-tipped darts
Armour
 a - a +0 robe (worn)
 h - the +1 ring mail of Oblivion {rElec Will+}
   (You found it on level 3 of the Dungeon)

   rElec:     It insulates you from electricity.
   Will:      It increases your willpower.
 o - a +0 helmet (worn)
 u - a +0 cloak (worn)
Jewellery
 b - a ring of magical power (right hand)
 j - a +5 ring of evasion (left hand)
 q - a ring of see invisible
Wands
 n - a wand of flame (8)
 s - a wand of light (2)
Scrolls
 i - a scroll of magic mapping
 l - 4 scrolls of identify
Potions
 c - a potion of attraction
 d - 2 potions of magic
 e - 3 potions of curing
 g - a potion of resistance
 p - a potion of flight


   Skills:
 + Level 5.7 Fighting
 + Level 5.5 Dodging
 + Level 5.9 Unarmed Combat
 - Level 5.3 Spellcasting
 + Level 5.4 Transmutations


You had 15 spell levels left.
You knew the following spells:

 Your Spells              Type           Power      Damage    Failure   Level
a - Beastly Appendage     Tmut           40%        N/A       1%          1
b - Wereblood             Tmut           20%        N/A       2%          2

Your spell library contained the following spells:

 Spells                   Type           Power      Damage    Failure   Level
 Kiss of Death            Conj/Necr      16%        2d6       16%         1
 Summon Small Mammal      Summ           16%        N/A       16%         1
 Spider Form              Tmut/Pois      12%        N/A       16%         3
 Ignite Poison            Fire/Tmut/Pois 9%         N/A       22%         3
 Blink                    Tloc           8%         N/A       24%         2
 Cigotuvi's Dreadful Rot  Necr/Pois/Air  8%         N/A       24%         2
 Lesser Beckoning         Tloc           8%         N/A       24%         2
 Momentum Strike          Conj/Tloc      8%         3d8       24%         2
 Call Canine Familiar     Summ           4%         N/A       43%         3
 Confusing Touch          Hex            4%         N/A       43%         3
 Dazzling Flash           Conj/Hex       8%         N/A       43%         3
 Summon Guardian Golem    Hex/Summ       4%         N/A       43%         3
 Volatile Blastmotes      Fire/Tloc      8%         2d10      43%         3
 Ice Form                 Ice/Tmut       12%        N/A       45%         4
 Dispel Undead            Necr           4%         3d7       83%         4
 Iskenderun's Mystic Bla  Conj/Tloc      4%         2d3       83%         4
 Freezing Cloud           Conj/Ice/Air   2%         6-21      99%         5
 Starburst                Conj/Fire      2%         6d3       100%        6


Dungeon Overview and Level Annotations

Branches:
Dungeon (8/15)             Temple (1/1) D:5
   Lair: D:8-11

Altars:
Gozag
Kikubaaqudgha
Ru
Trog
Wu Jian
Yredelemnul

Shops:
D:6 **[

Annotations:
D:1 digging
D:7 1 runed translucent door, gelatine's ghost, novice NaHu


Innate Abilities, Weirdness & Mutations

You have large cloven feet.
You are completely covered in slimy green scales. (AC +4, rPois)
A meltable shield of frost defends you. (SH +4)


Message History

The orc completely misses you. The gnoll hits you but does no damage.
You block the gnoll's attack. The gnoll barely misses you.
The gnoll sergeant misses you.
You hit the gnoll.
You kill the gnoll!
The orc misses you. The gnoll barely misses you. The gnoll misses you.
The gnoll sergeant completely misses you.
You hear some strange, mumbled words.
You are confused.
You bump into the rock wall.
The orc hits you with a +0 war axe.
* * * LOW HITPOINT WARNING * * *
The gnoll misses you. x2
The gnoll sergeant hits you from afar with a +0 trident.
* * * LOW HITPOINT WARNING * * *
You're too confused to move!
The orc completely misses you. The gnoll misses you.
The gnoll closely misses you.
The gnoll sergeant completely misses you.
Something hits you.
* * * LOW HITPOINT WARNING * * *
You bump into the rock wall.
The orc barely misses you.
The gnoll hits you but does no damage. x2
The gnoll sergeant barely misses you. Something closely misses you.
You bump into the rock wall.
The orc barely misses you.
The gnoll hits you from afar with a +0 spear.
* * * LOW HITPOINT WARNING * * *
The gnoll hits you but does no damage. The gnoll sergeant misses you.
Something barely misses you.
You miss something. Your kick misses something. You completely miss something.
Your kick misses something.
You feel less confused. The orc closely misses you.
You block the gnoll's attack. The gnoll closely misses you.
The gnoll sergeant misses you. Something hits you but does no damage.
You closely miss something. Your kick misses something.
The orc closely misses you. The gnoll barely misses you.
You block the gnoll's attack. The gnoll sergeant misses you.
You block something's attack.
You punch something! The orc hits you with a +0 war axe!
You die...
Your body crumbles into a pile of gold.

#.........##....
##.....###..#.... ### ###.....##
##.#.... ##.########$>.....#
#...... ##...##...###$#..###
###.... ####.........)##...##
##... ..................g# + #...
###............###g## #. ##...
......§§.......$@ogo# #.###....
####..........####g.....#.....###
##.......... ......## .......
####.#.##.. .........##..##
#$#..o### ##..#..#....... ######
#$# .. ..#....###.## .....###§#
##. ###......... .....#...# $
#....###.. .###...### .#.. #....
###


You could see a gnoll sergeant, 2 gnolls and 2 orcs.

Vanquished Creatures
  Menkaure (D:7)
  A water moccasin (D:6)
  2 sky beasts
  4 ogres
  4 black bears
  2 phantoms
  2 kobold brigands
  A bullfrog (D:6)
  3 scorpions
  5 wights (D:6)
  3 jellies
  An orc priest (D:5)
  Crazy Yiuf (D:7)
  2 hounds
  Terence (D:2)
  Jessica (D:2)
  A sleepcap (D:4)
  4 iguanas
  2 orc wizards
  8 gnolls
  6 adders
  A shadow imp (D:7)
  A white imp (D:7)
  An ufetubus (D:5)
  5 worms
  2 dart slugs
  14 orcs
  7 bats
  5 endoplasms
  3 giant cockroaches
  7 goblins
  10 hobgoblins
  4 jackals (D:4)
  4 quokkas
  6 ball pythons
  5 frilled lizards
  10 kobolds
  3 rats
143 creatures vanquished.

Notes
Turn   | Place    | Note
-------+----------+-------------------------------------------
     0 | D:1      | DeathPants the Demonspawn Transmuter began the quest for
                  | the Orb.
     0 | D:1      | Reached XP level 1. HP: 15/15 MP: 3/3
   123 | D:2      | Noticed Jessica
   128 | D:2      | Killed Jessica
   129 | D:2      | Gained mutation: You are partially covered in slimy green
                  | scales. (AC +2) [demonic ancestry]
   129 | D:2      | Reached XP level 2. HP: 10/21 MP: 3/5
   129 | D:2      | Reached XP level 3. HP: 12/26 MP: 3/6
  1093 | D:2      | Reached XP level 4. HP: 33/33 MP: 7/7
  1114 | D:2      | Noticed Terence
  1275 | D:2      | Killed Terence
  1335 | D:2      | Found a faded altar of an unknown god.
  1440 | D:2      | Learned a level 2 spell: Wereblood
  2192 | D:3      | Found a sacrificial altar of Ru.
  2200 | D:3      | Gained mutation: A meltable shield of frost defends you.
                  | (SH +4) [demonic ancestry]
  2200 | D:3      | Reached XP level 5. HP: 38/38 MP: 9/9
  2578 | D:3      | Identified the +1 ring mail of Oblivion {rElec Will+}
  2899 | D:5      | Entered Level 5 of the Dungeon
  3527 | D:4      | Noticed an ogre
  3533 | D:4      | Killed an ogre
  3534 | D:4      | Gained mutation: You are mostly covered in slimy green
                  | scales. (AC +3) [demonic ancestry]
  3534 | D:4      | Reached XP level 6. HP: 17/46 MP: 10/10
  3954 | D:5      | You fall into a shaft and drop 2 floors!
  4241 | D:5      | Gained mutation: You are completely covered in slimy green
                  | scales. (AC +4, rPois) [demonic ancestry]
  4241 | D:5      | Reached XP level 7. HP: 48/52 MP: 12/12
  4423 | D:5      | Found a staircase to the Ecumenical Temple.
  4567 | Temple   | Entered the Ecumenical Temple
  4632 | Temple   | Became a worshipper of Gozag Ym Sagoz the Greedy
  4991 | D:6      | Identified the +1 cloak of the Exceptional Snail {Fly rF+
                  | Str-5}
  5003 | D:6      | Found Bipsaps's Specific Store.
  5005 | D:6      | Found Vaiprasu's General Store.
  5025 | D:6      | Reached XP level 8. HP: 60/60 MP: 14/14
  5478 | D:6      | Reached skill level 5 in Unarmed Combat
  5499 | D:6      | Found Qonuycia's Armour Shoppe.
  5672 | D:6      | Reached skill level 5 in Fighting
  5672 | D:6      | Reached skill level 5 in Spellcasting
  5853 | D:6      | Reached skill level 5 in Dodging
  5930 | D:6      | Reached skill level 5 in Transmutations
  6048 | D:6      | Lost mutation: You have razor-sharp toenails. [demonic
                  | ancestry]
  6048 | D:6      | Lost mutation: You have sharp toenails. [demonic ancestry]
  6048 | D:6      | Gained mutation: You have large cloven feet. [demonic
                  | ancestry]
  6048 | D:6      | Reached XP level 9. HP: 46/68 MP: 16/16
  6354 | D:7      | Found a runed translucent door.
  6355 | D:7      | Noticed gelatine's ghost (novice NaHu)
  6375 | D:7      | Noticed Menkaure
  6384 | D:7      | Killed Menkaure
  6732 | D:7      | Found a runed translucent door.
  6733 | D:7      | Noticed Crazy Yiuf
  6742 | D:7      | Killed Crazy Yiuf
  6777 | D:7      | Found an ancient bone altar of Kikubaaqudgha.
  6846 | D:7      | Slain by an orc

Illustrated notes

Levels and vault maps discovered:
D:1:      dpeg_arrival_windows_large_door, layout_rooms, serial_glass,
          glass_columns_a, glass_columns_b, item_on_display_b,
          due_unseen_surprise, item_on_display_a, minmay_strange_pillars
D:2:      layout_loops_cross, chequers_ecumenical_altar_island, basic_altar,
          grunt_decor_arrowhead, uniq_jessica, uniq_terence
D:3:      layout_basic, nicolae_overflow_crystal_walls
D:4:      layout_cave_pools, dk_vineyard_3
D:5:      layout_basic, minmay_temple_entry_statues_fountains, sigmund_army
D:6:      layout_cave_pools, grunt_ministairs_15, nicolae_specific_store,
          kennysheep_diamond
D:7:      layout_rooms, nemelex_dance_club_becter, kennysheep_mini_moat,
          ebering_ghost_inner_flame, uniq_menkaure, uniq_crazy_yiuf_cottage
D:8:      layout_loops_ring, gammafunk_temple_overflow_claw, erik_lair_island
Temple:   nicolae_temple_god_jail

Skill      XL: |  1  2  3  4  5  6  7  8 |
---------------+-------------------------+-----
Dodging        | 2 3 4 5 |  5.5
Unarmed Combat | 3 4 5 |  5.9
Transmutations | 2 3 4 5 |  5.4
Fighting       | 2 3 4 5 |  5.7
Spellcasting   | 3 4 5 |  5.3

Action                     |  1- 3 |  4- 6 |  7- 9 || total
---------------------------+-------+-------+-------++-------
  Melee: Unarmed           |   109 |   201 |   313 ||   623
         Kick              |    16 |    42 |   109 ||   167
         Headbutt          |     9 |    23 |    58 ||    90
         Punch             |     2 |     4 |    11 ||    17
  Throw: Dart              |       |       |     2 ||     2
         Throwing net      |       |       |     1 ||     1
   Cast: Beastly Appendage |    16 |    33 |    25 ||    74
         Wereblood         |       |       |     8 ||     8
  Evoke: Wand              |       |       |     1 ||     1
    Use: Scroll            |       |    15 |     1 ||    16
         Potion            |       |     2 |     2 ||     4
   Stab: Sleeping          |       |     1 |       ||     1
         Distracted        |       |       |     1 ||     1
 Armour: Robe              |    33 |    34 |    65 ||   132
         Skin              |       |    15 |       ||    15
  Dodge: Dodged            |    73 |   128 |   274 ||   475
  Block: Other             |       |    26 |    70 ||    96

Table legend: (Time is in decaauts)
 A = Elapsed time spent in this place.
 B = Non-inter-level travel time spent in this place.
 C = Inter-level travel time spent in this place.
 D = Time resting spent in this place.
 E = Time spent auto-exploring this place.
 F = Levels seen in this place.
 G = Mean time per level.
                   A        B        C        D        E       F      G
               +--------+--------+--------+--------+--------+-----+--------+
         Total |   6813 |   6733 |     80 |   1173 |   3817 |   9 |  757.0 |
       Dungeon |   6738 |   6666 |     72 |   1173 |   3764 |   8 |  842.2 |
        Temple |     74 |     66 |      8 |      0 |     53 |   1 |   74.0 |
               +--------+--------+--------+--------+--------+-----+--------+

Top non-repeatable levels by time:
     D:6: 1731 daAuts
     D:2: 1068 daAuts
     D:3: 1047 daAuts
     D:4: 908 daAuts
     D:5: 867 daAuts
     D:1: 710 daAuts
     D:7: 392 daAuts
  Temple: 74 daAuts
     D:8: 12 daAuts
